AoeStats
← Vikariepoolen

Fortress

507928370Analyzed
2v2 RM · 11d ago on Sep 20, 2026· 50m 36s· 4 players
Game mode
Random Map
Map size
Normal (6 player)
Population
200
Speed
Normal
Resources
Standard
Victory
Conquest
Starting age
Dark Age
Ending age
Imperial Age
RankedLock teamsTeams togetherTeam positionsShared explorationLock speedFull tech treeHidden civsTurbo modeCheats
Victory
Defeat
🇨🇳 Dravidians · China
1612
+13
🇨🇳 Poles · China
1608
+13
🇸🇪 Koreans · Sweden
1535
-13
🇸🇪 Saracens · Sweden
1535
-13
Player86688262
8:09 Feudal Age
8:52 Double-Bit Axe
8:48 Horse Collar
13:18 Castle Age
14:33 Bow Saw
16:09 Wheelbarrow
17:06 Loom
19:47 Gold Mining
21:21 Hand Cart
21:41 Heavy Plow
26:40 Imperial Age
24:23 Stone Mining
24:57 Fletching
25:08 Padded Archer Armor
25:17 Town Watch
25:53 Medical Corps
26:11 Ballistics
25:19 Crossbowman
26:09 Thumb Ring
27:14 Bodkin Arrow
27:34 Leather Archer Armor
28:38 Chemistry
28:01 Conscription
29:02 Two-Man Saw
27:34 Light Cavalry
28:17 Husbandry
29:13 Bracer
29:43 Ring Archer Armor
30:32 Caravan
29:59 Elite Elephant Archer
32:05 Forging
32:00 Scale Barding Armor
34:58 Iron Casting
34:43 Chain Barding Armor
33:54 Onager
36:38 Siege Onager
38:42 Masonry
38:29 Murder Holes
38:56 Siege Elephant
43:28 Fortified Wall
48:37 Scale Mail Armor
49:37 Blast Furnace
mongo
8:01 Feudal Age
11:45 Castle Age
9:57 Horse Collar
11:04 Double-Bit Axe
12:38 Bow Saw
12:30 Heavy Plow
13:08 Wheelbarrow
18:38 Scale Barding Armor
18:43 Forging
18:57 Szlachta Privileges
19:44 Chain Barding Armor
19:50 Hand Cart
20:18 Bloodlines
20:09 Husbandry
20:44 Loom
20:47 Town Watch
21:41 Iron Casting
24:19 Gold Mining
27:27 Imperial Age
28:21 Cavalier
30:02 Blast Furnace
29:24 Conscription
30:42 Stone Mining
32:06 Crop Rotation
33:07 Fortified Wall
33:51 Caravan
36:51 Stone Shaft Mining
42:08 Coinage
44:27 Banking
45:20 Masonry
Vikariepoolen
7:45 Feudal Age
11:56 Castle Age
9:57 Double-Bit Axe
10:29 Gold Mining
11:08 Loom
14:54 Wheelbarrow
15:16 Horse Collar
19:58 Heavy Plow
25:16 Imperial Age
22:53 Stone Mining
23:53 Scale Mail Armor
24:14 Hand Cart
25:25 Elite Fire Lancer
29:06 Chain Mail Armor
28:42 Fletching
28:41 Elite War Wagon
29:03 Pikeman
29:44 Squires
30:17 Bow Saw
31:35 Plate Mail Armor
31:16 Forging
30:50 Halberdier
32:00 Town Watch
33:28 Conscription
34:20 Iron Casting
35:14 Bodkin Arrow
36:10 Elite Skirmisher
36:33 Heavy Rocket Cart
BossEvenG
6:56 Feudal Age
10:49 Castle Age
8:46 Double-Bit Axe
9:09 Horse Collar
9:44 Gold Mining
12:18 Bow Saw
15:57 Heavy Plow
17:36 Wheelbarrow
16:47 Loom
17:17 Stone Mining
17:19 Gold Mining
19:14 Hand Cart
24:09 Imperial Age
22:40 Scale Barding Armor
24:03 Bloodlines
25:12 Ballistics
24:54 Town Watch
25:37 Conscription
25:58 Husbandry
26:53 Chain Barding Armor
26:43 Elite Mameluke
28:05 Hoardings
29:13 Plate Barding Armor
29:20 Fortified Wall
30:52 Sanctity
30:45 Fervor
31:13 Forging
31:53 Bimaristan
31:36 Onager
33:25 Chemistry
33:24 Siege Onager
35:05 Siege Engineers
39:22 Counterweights
40:42 Iron Casting
46:49 Blast Furnace
49:21 Light Cavalry
49:59 Hussar
Connection lost

Rejoining the realm…

Still unreachable

The connection could not be restored.

Session expired

The server has moved on; the page needs a fresh start.